 Dungeon Crawl Stone Soup version 0.23.2-33-g5129a83184 (webtiles) character file.

Game seed: 6898164049056599389

341 Descartes the Charmwright (level 6, 0/51 HPs)
             Began as a Draconian Wanderer on July 2, 2019.
             Was an Initiate of Cheibriados.
             Killed by nerve-wracking pain
             ... invoked by Menkaure
              (8 damage)
             ... on level 4 of the Dungeon.
             The game lasted 00:10:46 (3837 turns).

Descartes the Charmwright (Draconian Wanderer)      Turns: 3837, Time: 00:10:47

Health: 0/51       AC:  9    Str: 14    XL:     6   Next: 30%
Magic:  8/8        EV: 12    Int: 17    God:    Cheibriados [......]
Gold:   205        SH:  0    Dex: 11    Spells: 7/8 levels left

rFire    . . .     SeeInvis .   g - +1 dagger (venom)
rCold    . . .     Gourm    .   (no shield)
rNeg     . . .     Faith    .   (armour unavailable)
rPois    +         Spirit   .   (helmet restricted)
rElec    .         Reflect  .   (no cloak)
rCorr    .         Harm     .   (no gloves)
MR       .....                  u - +2 pair of boots
Stlth    ++........             (no amulet)
HPRegen  0.17/turn              t - ring of poison resistance
MPRegen  0.11/turn              (no ring)

@: very slow
A: unfitting armour, cold-blooded, AC +6
a: Bend Time, Renounce Religion


You were on level 4 of the Dungeon.
You worshipped Cheibriados.
Cheibriados was noncommittal.
You were hungry.

You visited 2 branches of the dungeon, and saw 5 of its levels.

You collected 205 gold pieces.

Inventory:

Hand Weapons
 a - a +2 dagger
 d - a +0 quarterstaff
 g - a +1 dagger of venom (weapon)
Missiles
 c - 8 javelins (quivered)
 j - 8 needles of sleeping
 s - 14 arrows
Armour
 u - a +2 pair of boots (worn)
Jewellery
 r - a +4 ring of dexterity {unknown}
 t - a ring of poison resistance (left hand)
Wands
 m - a wand of paralysis (2)
Scrolls
 e - 4 scrolls of identify {unknown}
 h - 2 scrolls of amnesia {unknown}
 k - 3 scrolls of remove curse {unknown}
 l - a scroll of enchant weapon {unknown}
 o - 2 scrolls of teleportation {unknown}
 x - a scroll of enchant armour {unknown}
Potions
 i - 2 potions of magic {unknown}
 n - a potion of brilliance {unknown}
 p - a potion of cancellation {unknown}
 q - a potion of curing {unknown}
 v - a potion of degeneration {unknown}
Comestibles
 f - 10 rations


   Skills:
 + Level 3.1 Fighting
 + Level 2.2 Short Blades
 + Level 3.4 Staves
 + Level 1.8 Dodging
 + Level 3.3 Stealth
 + Level 1.5 Spellcasting
   Level 4.5 Charms
 + Level 0.0 Translocations


You had 7 spell levels left.
You knew the following spells:

 Your Spells              Type           Power        Failure   Level  Hunger
a - Apportation           Tloc           #.....       21%         1    ##.....

Your spell library contained the following spells:

 Spells                   Type           Power        Failure   Level  Hunger
 Animate Skeleton         Necr           N/A          21%         1    ##.....
 Confusing Touch          Hex            #.....       21%         1    ##.....
 Summon Small Mammal      Summ           #...         21%         1    ##.....


Dungeon Overview and Level Annotations

Branches:
Dungeon (4/15)             Temple (1/1) D:4

Altars:
Ashenzari
Cheibriados
Elyvilon
Fedhas
Gozag
Kikubaaqudgha
Okawaru
Qazlal
Trog
Uskayaw
Vehumet
Wu Jian
Xom
Yredelemnul
Zin

Annotations:
D:4 Menkaure


Innate Abilities, Weirdness & Mutations

Your plain brown scales are hard. (AC +6)
You cannot fit into any form of body armour.
You are cold-blooded and may be slowed by cold attacks.


Message History

Your body is wracked with pain!
* * * LOW HITPOINT WARNING * * *
You feel much better. Menkaure hits you but does no damage.
You hit Menkaure.
Menkaure is heavily damaged.
Menkaure hits you!
You hit Menkaure but do no damage.
Menkaure is heavily damaged.
Menkaure hits you.
You hit Menkaure.
Menkaure is severely damaged.
Menkaure points at you and mumbles some strange words.
Pain shoots through your body!
* * * LOW HITPOINT WARNING * * *
You hit Menkaure but do no damage.
You tail-slap Menkaure, but do no damage.
Menkaure is severely damaged.
Menkaure casts a spell at you. Pain shoots through your body!
You die...

#.##.....#...8#8...#
..#....#.#..#####..##
.##...##......#.....#
......##..#...#...#.#
.....###.8#.._#_.(#8#
....## #.############
....# #.8#.._#_..#8#
....# #..#...#...#.#
....# #......#M@...#
....####....#####..##
....#........8#8...#
......##.#.######..######
#..#####.#.# ####........
..## #.#.###...........
.## #.#.##..##...(.... .#
#.#..#.###########
)#######.##.#.#


You could see Menkaure.

Vanquished Creatures
  A howler monkey (D:4)
  An orc wizard (D:3)
  A hound (D:4)
  A bullfrog skeleton (D:4)
  Ijyb (D:4)
  2 worker ants (D:4)
  5 adders
  An ooze (D:4)
  A worm (D:3)
  A dart slug (D:2)
  2 leopard geckos (D:2)
  5 orcs (D:3)
  A ball python (D:2)
  4 giant cockroaches
  7 goblins
  7 hobgoblins
  6 jackals (D:1)
  5 kobolds
  A quokka (D:3)
  9 bats
  3 frilled lizards
  29 rats
94 creatures vanquished.

Notes
Turn   | Place    | Note
-------+----------+-------------------------------------------
     0 | D:1      | Descartes the Draconian Wanderer began the quest for the
                  | Orb.
     0 | D:1      | Descartes set off with the following items: a +2 dagger, a
                  | potion of heal wounds, a +0 short sword, a +0 quarterstaff,
                  | a ration
     0 | D:1      | Reached XP level 1. HP: 16/16 MP: 1/1
   500 | D:1      | You fall through a shaft!
   508 | D:2      | You fall through a shaft for 2 floors!
   510 | D:4      | Noticed a howler monkey
   517 | D:3      | Reached XP level 2. HP: 23/23 MP: 2/2
   794 | D:3      | Reached XP level 3. HP: 29/29 MP: 3/3
  2041 | D:2      | Reached XP level 4. HP: 31/36 MP: 4/4
  2043 | D:2      | Reached skill level 1 in Short Blades
  2196 | D:2      | Reached skill level 1 in Dodging
  2807 | D:3      | Reached XP level 5. HP: 7/42 MP: 4/6
  3152 | D:4      | Found a shimmering altar of Xom.
  3165 | D:4      | Noticed Ijyb
  3169 | D:4      | Reached skill level 1 in Spellcasting
  3173 | D:4      | Paralysed by Ijyb for 2 turns
  3184 | D:4      | Killed Ijyb
  3231 | D:4      | Found a bloodstained altar of Trog.
  3233 | D:4      | Found a shattered altar of Ashenzari.
  3234 | D:4      | Found an opulent altar of Gozag.
  3262 | D:4      | Reached XP level 6. HP: 45/50 MP: 6/8
  3296 | D:4      | Found an iron altar of Okawaru.
  3347 | D:4      | Noticed Menkaure
  3495 | D:4      | Found a staircase to the Ecumenical Temple.
  3505 | Temple   | Entered the Ecumenical Temple
  3705 | Temple   | Became a worshipper of Cheibriados the Contemplative
  3717 | D:4      | Learned a level 1 spell: Apportation
  3837 | D:4      | Killed from afar by Menkaure

Skill      XL: |  1  2  3  4  5  6 |
---------------+-------------------+-----
Stealth        | 2 3 |  3.3
Fighting       | 2 3 |  3.1
Short Blades   | 1 2 |  2.2
Dodging        | 1 |  1.8
Staves         | 3 |  3.4
Spellcasting   | 1 |  1.5
Charms         | |  4.5

Action                   |  1- 3 |  4- 6 || total
-------------------------+-------+-------++-------
Melee: Quarterstaff      |    16 |       ||    16
       Dagger            |   129 |   162 ||   291
       Tailslap          |    18 |    14 ||    32
  Use: Potion            |       |     2 ||     2
 Stab: Sleeping          |     3 |     2 ||     5
  Eat: Chunk             |     4 |     5 ||     9
Armor: Skin              |    39 |    63 ||   102
Dodge: Dodged            |    82 |   102 ||   184
